 Dungeon Crawl Stone Soup version 0.29-a0-542-g075992c915 (webtiles) character file.

Game seed: 378429489463130998

967 oldriver the Chopper (level 7, -8/60 HPs)
             Began as a Palentonga Delver on June 4, 2022.
             Mangled by an ogre
             ... wielding a +0 giant club
              (29 damage)
             ... on level 6 of the Dungeon.
             The game lasted 00:06:12 (5259 turns).

oldriver the Chopper (Palentonga Delver)            Turns: 5259, Time: 00:06:12

Health: -8/60      AC: 15    Str: 17    XL:     7   Next: 93%
Magic:  7/7        EV: 13    Int: 17    God:
Gold:   279        SH:  0    Dex: 11    Spells: 6/6 levels left

rFire   . . .      SeeInvis +   v - +3 quarterstaff (chaos)
rCold   . . .      Faith    .   (shield currently unavailable)
rNeg    . . .      Spirit   .   b - +0 leather armour
rPois   .          Reflect  .   A - +1 hat
rElec   .          Harm     .   u - +0 cloak
rCorr   .          Rampage  .   p - +1 pair of gloves
Will    .....                   (no barding)
Stlth   ++........              (no amulet)
HPRegen 0.20/turn               z - +6 ring of intelligence
MPRegen 0.10/turn               C - +4 ring of evasion

@: curled up
A: large, rugged brown scales 3, see invisible, deformed body, roll 1, armoured
tail, reflexive curl
a: Rolling Charge


You were on level 6 of the Dungeon.
You visited 1 branch of the dungeon, and saw 6 of its levels.

You collected 279 gold pieces.

Inventory:

Hand Weapons
 a - a +0 hand axe
 q - a +0 whip of holy wrath
 v - a +3 quarterstaff of chaos (weapon)
Missiles
 k - 2 throwing nets
Armour
 b - a +0 leather armour (worn)
 p - a +1 pair of gloves (worn)
 u - a +0 cloak (worn)
 A - a +1 hat (worn)
Jewellery
 z - a +6 ring of intelligence (left hand)
 C - a +4 ring of evasion (right hand)
Wands
 g - a wand of digging (3)
 i - a wand of iceblast (15)
 r - a wand of charming (7)
Scrolls
 c - 2 scrolls of fog
 d - a scroll of magic mapping
 e - 3 scrolls of fear
 h - 2 scrolls of poison
 j - 2 scrolls of identify
 y - a scroll of teleportation
Potions
 f - 2 potions of haste
 l - 3 potions of lignification
 m - 3 potions of curing
 n - a potion of degeneration
 o - 2 potions of flight
 s - a potion of resistance
 t - a potion of might
 x - a potion of mutation


   Skills:
 + Level 5.9 Fighting
 * Level 7.3 Axes
 - Level 2.1 Dodging
 - Level 3.7 Stealth


You had 6 spell levels left.
You didn't know any spells.
Your spell library contained the following spells:

 Spells                   Type           Power      Damage    Failure   Level
 Slow                     Hex            0%         N/A       28%         1
 Confusing Touch          Hex            0%         N/A       65%         3
 Vampiric Draining        Necr           0%         2d6       65%         3


Dungeon Overview and Level Annotations

Branches:
Dungeon (6/15)
 Temple: D:4-7

Altars:
Elyvilon
Trog
Uskayaw
Vehumet

Annotations:
D:4 Grinder


Innate Abilities, Weirdness & Mutations

You are completely covered in rugged brown scales. (AC +3, +7% HP)
You have supernaturally acute eyesight. (SInv)
Armour fits poorly on your strangely shaped body.
You can roll at nearby foes to attack.
You have a long armoured tail.
You curl defensively after being hit. (AC +7*)


Message History

Things that are here:
a black bear skeleton; an iguana skeleton
Found a stone staircase leading up.
Found a white marble altar of Elyvilon.
There is a stone staircase leading up here.
Found a stone staircase leading up.
You now have 264 gold pieces (gained 27).
You now have 279 gold pieces (gained 15).
An ogre comes into view. It is wielding a +0 giant club.
An ogre is nearby!
An ogre is nearby!
An ogre is nearby!
Found 16 stones.
There's nothing you can charge at!
You roll forward with a clatter of scales!
Found a potion of curing.
The ogre shouts!
You barely miss the ogre. You tail-slap the ogre.
The ogre is lightly wounded.
The ogre barely misses you.
You barely miss the ogre. You tail-slap the ogre.
The ogre is moderately wounded.
The ogre closely misses you.
You barely miss the ogre.
Your tail-slap misses the ogre.
The ogre is moderately wounded.
The ogre closely misses you.
You barely miss the ogre.
Your tail-slap misses the ogre.
The ogre is moderately wounded.
The ogre hits you with a +0 giant club!!
You completely miss the ogre.
The ogre is lightly wounded.
The ogre hits you with a +0 giant club!
You hit the ogre.
The ogre seems to grow stronger.
Your tail-slap misses the ogre.
The ogre is moderately wounded.
The ogre barely misses you.
You hit the ogre.
The ogre is heavily wounded.
The ogre hits you with a +0 giant club!!
You die...

.# ### #...# ...# ....#
#...# #... .#.# #...###
# #... ..# #......
..#...####.#######...###
.........#.##...........
!.......................
...........##...........
#....@...#####.#...#.#
#...O.#..# #.#...<..
#...###..# #.#...#.#
##.# #.(# #.#...#.# #.
..## #.......# # #.
####.#### #.# # # .


You could see an ogre (strong).

Vanquished Creatures
  3 black bears
  An ice beast (D:5)
  3 scorpions (D:5)
  A howler monkey (D:4)
  Crazy Yiuf (D:2)
  A jelly (D:5)
  3 hounds (D:5)
  3 iguanas
  4 gnolls (D:5)
  4 adders
  2 white imps (D:5)
  2 worms
  3 dart slugs
  An orc (D:3)
  7 ball pythons
  6 bats
  5 endoplasms
  3 giant cockroaches
  4 goblins
  5 hobgoblins
  3 kobolds
  8 quokkas
  2 frilled lizards
  4 rats
79 creatures vanquished.

Vanquished Creatures (others)
  5 plants (D:5)
5 creatures vanquished.

Grand Total: 84 creatures vanquished

Notes
Turn   | Place    | Note
-------+----------+-------------------------------------------
     0 | D:5      | oldriver the Palentonga Delver began the quest for the Orb.
     0 | D:5      | Reached XP level 1. HP: 19/19 MP: 1/1
    36 | D:5      | Noticed a scorpion
    58 | D:5      | Noticed a scorpion
    79 | D:4      | Noticed a howler monkey
    96 | D:5      | Noticed an ice beast
   118 | D:4      | Killed a howler monkey
   119 | D:4      | Reached XP level 2. HP: 13/25 MP: 2/2
   119 | D:4      | Reached XP level 3. HP: 16/31 MP: 3/3
   882 | D:1      | Reached XP level 4. HP: 37/37 MP: 4/4
  1432 | D:2      | Found a faded altar of an unknown god.
  1468 | D:2      | Reached skill level 3 in Axes
  1702 | D:2      | Found a runed translucent door.
  1703 | D:2      | Noticed Crazy Yiuf
  1975 | D:2      | Killed Crazy Yiuf
  2384 | D:3      | Reached XP level 5. HP: 44/44 MP: 5/5
  2943 | D:4      | Found a bloodstained altar of Trog.
  3117 | D:4      | Noticed Grinder
  3127 | D:4      | Reached skill level 4 in Axes
  3286 | D:4      | Found a hide-covered altar of Uskayaw.
  3430 | D:5      | Killed an ice beast
  3431 | D:5      | Reached XP level 6. HP: 12/52 MP: 6/6
  3441 | D:5      | Reached skill level 5 in Axes
  3447 | D:5      | HP: 2/52 [poisoned by a scorpion]
  3816 | D:5      | Reached skill level 5 in Fighting
  3820 | D:5      | Gained mutation: You curl defensively after being hit. (AC
                  | +7*) [Palentonga growth]
  3820 | D:5      | Reached XP level 7. HP: 20/59 MP: 7/7
  4059 | D:5      | Reached skill level 6 in Axes
  4538 | D:5      | Found a radiant altar of Vehumet.
  4931 | D:6      | Reached skill level 7 in Axes
  5192 | D:6      | Found a white marble altar of Elyvilon.
  5259 | D:6      | Mangled by an ogre

Illustrated notes

Levels and vault maps discovered:
D:1:      eino_arrival_cavern_a, layout_basic
D:2:      layout_loops_ring, hellmonk_ecumenical_altar_arch_garden,
          uniq_crazy_yiuf_cottage
D:3:      layout_loops_cross
D:4:      layout_cave_pools, nicolae_uskayaw_suspiria, old_standard_altar,
          uniq_grinder
D:5:      layout_rooms, nicolae_vehumet_altar_sigil, chequers_big_river
D:6:      layout_loops_cross, lemuel_tele_altar, nicolae_xom_altar_mimics

Skill      XL: |  1  2  3  4  5  6  7 |
---------------+----------------------+-----
Dodging        | 2 |  2.1
Axes           | 3 4 5 7 |  7.3
Fighting       | 4 5 |  5.9
Stealth        | |  3.7

Action                   |  1- 3 |  4- 6 |  7- 9 || total
-------------------------+-------+-------+-------++-------
Melee: Hand axe          |    52 |       |    21 ||    73
       Tailslap          |     7 |    17 |    12 ||    36
       Punch             |     1 |       |     2 ||     3
       Whip              |       |    65 |       ||    65
       Quarterstaff      |       |    84 |    41 ||   125
 Abil: Rolling Charge    |     7 |    22 |     5 ||    34
  Use: Potion            |     1 |     2 |       ||     3
       Scroll            |       |    10 |     4 ||    14
 Stab: Sleeping          |     2 |     1 |       ||     3
Armor: Leather armour    |    24 |    49 |    37 ||   110
Dodge: Dodged            |    23 |    92 |    74 ||   189

Table legend: (Time is in decaauts)
 A = Elapsed time spent in this place.
 B = Non-inter-level travel time spent in this place.
 C = Inter-level travel time spent in this place.
 D = Time resting spent in this place.
 E = Time spent auto-exploring this place.
 F = Levels seen in this place.
 G = Mean time per level.
                   A        B        C        D        E       F      G
               +--------+--------+--------+--------+--------+-----+--------+
         Total |   5291 |   5061 |    230 |   1218 |   2999 |   6 |  881.8 |
       Dungeon |   5291 |   5061 |    230 |   1218 |   2999 |   6 |  881.8 |
               +--------+--------+--------+--------+--------+-----+--------+

Top non-repeatable levels by time:
     D:5: 1605 daAuts
     D:2: 999 daAuts
     D:3: 912 daAuts
     D:1: 803 daAuts
     D:4: 602 daAuts
     D:6: 368 daAuts
